 Dungeon Crawl Stone Soup version 0.29-a0-39-g581ba40fa7 (webtiles) character file.

Game seed: 9821013557224899270

581 Essalna the Magician (level 7, 0/50 HPs)
             Began as a Djinni Earth Elementalist on Feb 1, 2022.
             Slain by an ogre (20 damage)
             ... on level 4 of the Dungeon.
             The game lasted 00:08:39 (5486 turns).

Essalna the Magician (Djinni Earth Elementalist)    Turns: 5486, Time: 00:08:39

Health: 0/50       AC:  4    Str:  5    XL:     7   Next: 63%
Gold:   155        EV: 12    Int: 28    God:
                   SH:  3    Dex: 14

rFire   + + +      SeeInvis +   c - +5 flail of the Saviour {speed, Will+ Str-2 Int+10}
rCold   x . .      Faith    .   f - +0 buckler
rNeg    . . .      Spirit   .   b - +0 robe
rPois   ∞          Reflect  .   (no helmet)
rElec   .          Harm     .   r - +0 cloak
rCorr   .          Rampage  .   d - +0 pair of gloves
Will    +....                   (boots unavailable)
Stlth   ++........              (no amulet)
HPRegen 0.16/turn               g - ring of see invisible
MPRegen 0.00/turn               s - ring of protection from fire

@: flying
A: sickness immunity, fire resistance 2, cold vulnerability 1, float, innate
caster, HP casting, extra vitality 1
a: no special abilities


You were on level 4 of the Dungeon.
You visited 1 branch of the dungeon, and saw 4 of its levels.
You also visited: Sewer.

You collected 155 gold pieces.

Inventory:

Hand Weapons
 c - the +5 flail of the Saviour (weapon) {speed, Will+ Str-2 Int+10}
   (You found it on level 3 of the Dungeon)

   Attacks with this weapon are significantly faster.
   Str:       It affects your strength (-2).
   Int:       It affects your intelligence (+10).
   Will:      It increases your willpower.
 e - a +0 spear
Missiles
 m - 40 stones
Armour
 b - a +0 robe (worn)
 d - a +0 pair of gloves (worn)
 f - a +0 buckler (worn)
 r - a +0 cloak (worn)
Jewellery
 g - a ring of see invisible (left hand)
 s - a ring of protection from fire (right hand)
Scrolls
 h - 2 scrolls of teleportation
 i - 2 scrolls of magic mapping {unknown}
 j - a scroll of fear {unknown}
 n - a scroll of blinking {unknown}
 o - 2 scrolls of identify
Potions
 a - 3 potions of curing
 k - a potion of invisibility {unknown}
 l - a potion of cancellation {unknown}
 p - a potion of haste {unknown}
 q - 2 potions of mutation {unknown}
 t - a potion of heal wounds {unknown}


   Skills:
 + Level 3.2 Fighting
 - Level 2.1 Dodging
 - Level 1.5 Stealth
 + Level 5.7 Spellcasting


You had one spell level left.
You knew the following spells:

 Your Spells              Type           Power      Damage    Failure   Level
a - Sandblast             Erth           80%        2d17      1%          1
b - Passwall              Tmut/Erth      33%        N/A       1%          2
c - Stone Arrow           Conj/Erth      80%        3d12      2%          3
d - Petrify               Tmut/Erth      40%        N/A       8%          4
e - Pain                  Necr           100%       1d9       1%          1
f - Searing Ray           Conj           80%        2d7       1%          2
g - Teleport Other        Tloc           40%        N/A       2%          3
Your spell library was empty.

Dungeon Overview and Level Annotations

Branches:
Dungeon (4/15)              Sewer (visited)
 Temple: D:4-7

Altars:

Shops:
D:3 (


Innate Abilities, Weirdness & Mutations

You are immune to sickness and miasma.
You are immune to poison.
Your flesh is very heat resistant. (rF++)
You are vulnerable to cold. (rC-)
You float through the air rather than walking.
You learn spells naturally, not from books.
Your magical power is your life essence.
You have superior vitality. (+4 MHP)


Message History

Your magical contamination has completely faded away.
m - 40 stones (gained 11)
Things that are here:
a +0 hunting sling; a +0 dagger; a goblin corpse Key pressed, stopping explore.
A phantom comes into view.
The stone arrow hits the phantom!
The phantom is moderately damaged.
The stone arrow misses the phantom.
The stone arrow hits the phantom!
The phantom is severely damaged.
The stone arrow hits the phantom!
You destroy the phantom!
Your Fighting skill increases to level 3!
You can't see any susceptible monsters within range! (Use Z to cast anyway.)
You can't see any susceptible monsters within range! (Use Z to cast anyway.)
An ogre comes into view. It is wielding a +0 giant club.
The ogre hits you with a +0 giant club!!
Ouch! That really hurt!
You are too injured to fight recklessly!
You are too injured to fight recklessly!
You are too injured to fight recklessly!
Casting: Stone Arrow (dangerous; 2% risk of failure)
Confirm with . or Enter, or press ? or * to list all spells.
Okay, then.
Casting: Stone Arrow (dangerous; 2% risk of failure)
Confirm with . or Enter, or press ? or * to list all spells.
Aiming: Teleport Other (dangerous; 2% risk of failure)
Press: ? - help, Shift-Dir - straight line, f - ogre
Aim: an ogre, wielding a +0 giant club (chance to affect: 75%)
The ogre struggles to resist.
The ogre closely misses you.
Found a halberd.
Casting: Teleport Other (dangerous; 2% risk of failure)
Confirm with . or Enter, or press ? or * to list all spells.
Aiming: Teleport Other (dangerous; 2% risk of failure)
Press: ? - help, Shift-Dir - straight line, f/p - ogre
Aim: an ogre, wielding a +0 giant club (chance to affect: 75%)
The ogre looks slightly unstable.
The ogre hits you with a +0 giant club!!
You die...

....
#....####.....#
.)....###....#
.....#
#............#
#.....#
.........####
#.###..#
........# #.#.#
..# .#......#
##.# .#
#......###.#.#
#.........####
#...@O....#
#####.....#
#.........
#..#.#.#.#
............
#######.######
.# .#


You could see an ogre.

Vanquished Creatures
  A phantom (D:4)
  4 kobold brigands (Sewer)
  3 gnolls (D:3)
  2 river rats (Sewer)
  6 adders
  An adder skeleton (D:3)
  3 worms
  3 dart slugs
  11 ball pythons
  6 bats
  8 endoplasms
  2 giant cockroaches (D:3)
  18 goblins
  5 hobgoblins
  3 jackals (D:2)
  8 kobolds
  3 quokkas
  5 frilled lizards
  23 rats
  A spectral goblin (D:2)
116 creatures vanquished.

Notes
Turn   | Place    | Note
-------+----------+-------------------------------------------
     0 | D:1      | Essalna the Djinni Earth Elementalist began the quest for
                  | the Orb.
     0 | D:1      | Reached XP level 1. HP: 15/15 MP: 0/0
   137 | D:1      | Reached XP level 2. HP: 15/21 MP: 0/0
   289 | D:1      | Reached skill level 3 in Spellcasting
   542 | D:1      | Reached XP level 3. HP: 23/25 MP: 0/0
   542 | D:1      | Learned a level 1 spell: Pain
  1251 | D:2      | Found a faded altar of an unknown god.
  1483 | D:2      | Reached XP level 4. HP: 27/31 MP: 0/0
  1697 | D:2      | You are sucked into a shaft and drop 1 floor!
  1712 | D:3      | Found a glowing drain.
  1787 | Sewer    | Entered a sewer
  2074 | Sewer    | Noticed a kobold brigand
  2092 | Sewer    | Killed a kobold brigand
  2093 | Sewer    | Reached skill level 4 in Spellcasting
  2093 | Sewer    | Reached XP level 5. HP: 27/35 MP: 0/0
  2093 | Sewer    | Learned a level 2 spell: Searing Ray
  2272 | Sewer    | Noticed a kobold brigand
  2288 | Sewer    | Killed a kobold brigand
  2289 | Sewer    | Reached skill level 5 in Spellcasting
  2289 | Sewer    | Reached XP level 6. HP: 13/40 MP: 0/0
  3019 | Sewer    | Reached skill level 1 in Fighting
  3139 | Sewer    | Reached XP level 7. HP: 39/49 MP: 0/0
  3139 | Sewer    | Learned a level 3 spell: Teleport Other
  3458 | D:3      | Identified the +5 flail of the Saviour {speed, Will+ Str-2
                  | Int+10}
  3567 | D:3      | Found Uhu Vuxt's Antique Weapon Emporium.
  5486 | D:4      | Slain by an ogre

Illustrated notes

Levels and vault maps discovered:
D:1:      amcnicky_arrival_double_pillar, layout_basic,
          chequers_serial_rivers_micro_c, minmay_rat_gold_closets
D:2:      minmay_recursive_quarters, layout_basic,
          dreamdust_ecumenical_altar_drowned_temple, hangedman_decor_riveting,
          minmay_goblin_outpost
D:3:      layout_basic, gup_sewer_entry_glass, serial_shops,
          nicolae_shop_hallway_stairs
D:4:      cheibrodos_helix_gallery, layout_basic, roderic_lattice_a,
          minivault_24, minmay_liquid_box

Skill      XL: |  1  2  3  4  5  6  7 |
---------------+----------------------+-----
Spellcasting   | 3 4 5 |  5.7
Fighting       | 2 3 |  3.2
Dodging        | |  2.1
Stealth        | |  1.5

Action                   |  1- 3 |  4- 6 |  7- 9 || total
-------------------------+-------+-------+-------++-------
Melee: Unarmed           |     1 |       |       ||     1
       Spear             |    37 |    16 |     1 ||    54
       Punch             |     1 |       |       ||     1
       Flail             |       |       |    45 ||    45
 Cast: Sandblast         |    25 |    16 |     5 ||    46
       Pain              |    12 |    21 |       ||    33
       Stone Arrow       |       |    16 |    33 ||    49
       Searing Ray       |       |     2 |       ||     2
       Teleport Other    |       |       |     2 ||     2
  Use: Scroll            |       |     2 |       ||     2
 Stab: Sleeping          |     9 |       |     3 ||    12
Armor: Robe              |    13 |     5 |    15 ||    33
Dodge: Dodged            |    19 |    15 |    26 ||    60
Block: Buckler           |     3 |     4 |    10 ||    17

Table legend: (Time is in decaauts)
 A = Elapsed time spent in this place.
 B = Non-inter-level travel time spent in this place.
 C = Inter-level travel time spent in this place.
 D = Time resting spent in this place.
 E = Time spent auto-exploring this place.
 F = Levels seen in this place.
 G = Mean time per level.
                   A        B        C        D        E       F      G
               +--------+--------+--------+--------+--------+-----+--------+
         Total |   5490 |   5391 |     99 |      0 |   4680 |   5 | 1098.0 |
       Dungeon |   3849 |   3750 |     99 |      0 |   3200 |   4 |  962.2 |
         Sewer |   1641 |   1641 |      0 |      0 |   1480 |   1 | 1641.0 |
               +--------+--------+--------+--------+--------+-----+--------+

Top non-repeatable levels by time:
   Sewer: 1641 daAuts
     D:2: 1307 daAuts
     D:1: 1228 daAuts
     D:3: 981 daAuts
     D:4: 332 daAuts
